 Dungeon Crawl Stone Soup version 0.21.0-24-g2553a33 (webtiles) character file.

45 Monsterracer the Grasshopper (level 3, 0/16 HPs)
             Began as a Felid Warper on Jan 21, 2018.
             Slain by a worm (12 damage)
             ... on level 2 of the Dungeon.
             The game lasted 00:01:06 (1598 turns).

Monsterracer the Grasshopper (Felid Warper)         Turns: 1598, Time: 00:01:06

Health: 0/16       AC:  1    Str:  7    XL:     3   Next: 42%
Magic:  7/7        EV: 18    Int: 14    God:
Gold:   46         SH:  0    Dex: 16    Spells: 1/6 levels left
                                        Lives:  0   Deaths: 0

rFire    . . .     SeeInvis +     - Unarmed
rCold    . . .     Gourm    .   (shield unavailable)
rNeg     . . .     Faith    .   (armour unavailable)
rPois    .         Spirit   .   (helmet unavailable)
rElec    .         Reflect  .   (cloak unavailable)
rCorr    .         Harm     .   (gloves unavailable)
MR       .....                  (boots unavailable)
Stlth    ++........             (no amulet)
HPRegen  0.05/turn              (no ring)
MPRegen  0.10/turn              (no ring)

@: quick
A: very small, no armour, no weapons or thrown items, stealth, claws 1, fangs 3,
see invisible, carnivore, speed 1, shaggy fur 1, slow metabolism 1, sharp paws
a: no special abilities


You were on level 2 of the Dungeon.
You were completely stuffed.

You visited 1 branch of the dungeon, and saw 2 of its levels.

You collected 46 gold pieces.

Inventory:

Scrolls
 b - a scroll of blinking
 d - 2 scrolls of remove curse {unknown}
Potions
 e - a potion of brilliance {unknown}
 f - a potion of might {unknown}
Books
 a - a book of Spatial Translocations

   Spells                             Type                      Level
   a - Blink                          Translocation                2
   b - Shroud of Golubria             Charms/Translocation         2
   c - Lesser Beckoning               Translocation                3
   d - Gell's Gravitas                Translocation                3
   e - Teleport Other                 Translocation                3
   f - Passage of Golubria            Translocation                4
Comestibles
 c - 4 rations


   Skills:
 - Level 2.0 Fighting
 - Level 3.2 Dodging
 + Level 3.9 Unarmed Combat
 - Level 2.0 Spellcasting
 - Level 4.4 Translocations


You had one spell level left.
You knew the following spells:

 Your Spells              Type           Power        Failure   Level  Hunger
a - Lesser Beckoning      Tloc           ##........   12%         3    ####...
e - Blink                 Tloc           N/A          6%          2    ###....


Dungeon Overview and Level Annotations

Branches:
Dungeon (2/15)

Altars:


Innate Abilities, Weirdness & Mutations

You cannot wear armour.
You are incapable of wielding weapons or throwing items.
Your paws allow you to move quietly. (Stealth)
You have sharp claws.
You have razor-sharp teeth.
You have supernaturally acute eyesight. (SInv)
You are carnivorous and can eat meat at any time.
You cover ground quickly.
You are covered in fur. (AC +1)
You have a slow metabolism.
Your sharp claws are effective at attacking unaware monsters.


Message History

The adder closely misses you. The adder misses you.
You miss the adder.
The adder is lightly wounded.
The adder closely misses you.
You closely miss the adder.
The adder is lightly wounded.
The adder completely misses you.
You completely miss the adder.
The adder is lightly wounded.
The adder closely misses you.
You scratch the adder.
The adder is severely wounded.
The adder bites you.
You take 2 damage, and have 14/16 hp.
You closely miss the adder.
The adder is severely wounded.
The adder barely misses you. The adder completely misses you.
You scratch the adder.
You kill the adder!
No target in view!
You see here an adder corpse.
No target in view!
No target in view!
No target in view!
A jackal comes into view.
A jackal is nearby!
The jackal completely misses you.
A jackal is nearby!
You scratch the jackal.
You kill the jackal!
A jackal comes into view.
The jackal barks!
Found a scale mail and 25 stones.
You see here a jackal corpse.
You barely miss the jackal. Your claw misses the jackal.
The jackal completely misses you. The jackal closely misses you.
You scratch the jackal but do no damage.
The jackal barely misses you.
A jackal is nearby!
You scratch the jackal but do no damage.
The jackal barely misses you.
You scratch the jackal. Your bite misses the jackal.
The jackal is moderately wounded.
The jackal closely misses you. x2
A ball python comes into view.
The ball python hisses angrily.
You scratch the jackal. Your bite misses the jackal.
The jackal is severely wounded.
The jackal misses you.
There are monsters nearby!
You scratch the jackal but do no damage.
The jackal is severely wounded.
The jackal closely misses you.
You closely miss the jackal.
The jackal is severely wounded.
The jackal misses you.
A worm comes into view.
There are monsters nearby!
You scratch the jackal.
You kill the jackal!
The ball python barely misses you. The ball python grabs you.
The ball python constricts you.
You take 1 damage, and have 14/16 hp.
There are monsters nearby!
You closely miss the ball python. The ball python bites you.
The ball python constricts you.
You take 3 damage, and have 11/16 hp.
You are too injured to fight recklessly!
There are monsters nearby!
You are too injured to fight recklessly!
You are too injured to fight recklessly!
You are too injured to fight recklessly!
You are too injured to fight recklessly!
Cast which spell? (? or * to list)
Okay, then.
You escape the ball python's grasp.
The ball python misses you. x2
You scratch the ball python.
You kill the ball python!
You see here a ball python corpse.
Unknown command.
You scratch the worm.
The worm is lightly wounded.
You scratch the worm.
The worm is moderately wounded.
The worm completely misses you.
You claw the worm!
The worm is heavily wounded.
The worm closely misses you.
You scratch the worm.
The worm is heavily wounded.
You scratch the worm. Your bite misses the worm.
The worm is severely wounded.
The worm misses you.
You scratch the worm.
The worm is severely wounded.
You scratch the worm. You bite the worm, but do no damage.
The worm is severely wounded.
The worm bites you!
Ouch! That really hurt!
You die...

.##+## .# .....# ..# ..#
.....# ...# .(.# .....#
....# #..## .....##.....#
....# ............# #...#
###.####...## #...# ####
....#############...#.....
....'..........†@w....[#
....######..####..†###..
....# #..##.....## ....#
#......$...# #####
#.....†....# ##........[+
#...####....# #.### #....#
... #....#


You could see a worm.

Vanquished Creatures
  An adder (D:2)
  A worm (D:2)
  A dart slug (D:1)
  2 bats
  A giant cockroach (D:1)
  2 goblins (D:1)
  7 hobgoblins
  2 jackals (D:2)
  6 kobolds
  A ball python (D:2)
  A frilled lizard (D:1)
  4 rats
29 creatures vanquished.

Notes
Turn   | Place    | Note
-------+----------+-------------------------------------------
     0 | D:1      | Monsterracer the Felid Warper began the quest for the Orb.
     0 | D:1      | Reached XP level 1. HP: 9/9 MP: 4/4
    61 | D:1      | HP: 4/9 [hobgoblin/club (5)]
   295 | D:1      | HP: 4/9 [kobold (1)]
   526 | D:1      | Reached XP level 2. HP: 13/13 MP: 6/6
   769 | D:1      | HP: 2/13 [kobold/club (7)]
  1039 | D:1      | Learned a level 2 spell: Blink
  1314 | D:2      | Reached XP level 3. HP: 16/16 MP: 7/7
  1319 | D:2      | HP: 7/16 [rat (3)]
  1327 | D:2      | Learned a level 3 spell: Lesser Beckoning
  1598 | D:2      | Slain by a worm

Skill      XL: |  1  2 |
---------------+-------+-----
Unarmed Combat | 3 |  3.9
Fighting       | |  2.0
Dodging        | |  3.2
Spellcasting   | |  2.0
Translocations | |  4.4

Action                   || total
-------------------------++-------
Melee: Unarmed           ||    93
       Bite              ||     4
 Stab: Sleeping          ||     4
  Eat: Chunk             ||     9
Armor: Skin              ||     6
Dodge: Dodged            ||    63

Vault maps used:
D:1:      minmay_arrival_wavy_path
D:2:      minmay_roachtagon, grunt_ministairs_3, uniq_natasha, uniq_robin
